 Dungeon Crawl Stone Soup version 0.26-a0-597-gb535b0901c (webtiles) character file.

Game seed: 12222988458875738672

4 vurker the Gusty (level 1, 0/10 HPs)
             Began as a Tengu Air Elementalist on Sept 11, 2020.
             Slain by an ooze (2 damage)
             ... on level 1 of the Dungeon.
             The game lasted 00:00:29 (73 turns).

vurker the Gusty (Tengu Air Elementalist)             Turns: 73, Time: 00:00:30

Health: 0/10       AC:  2    Str:  8    XL:     1   Next: 70%
Magic:  1/4        EV: 12    Int: 15    God:
Gold:   7          SH:  0    Dex: 14    Spells: 3/4 levels left

rFire    . . .     SeeInvis .   (no weapon)
rCold    . . .     Faith    .   (no shield)
rNeg     . . .     Spirit   .   a - +0 robe
rPois    .         Reflect  .   (helmet restricted)
rElec    .         Harm     .   (no cloak)
rCorr    .                      (no gloves)
MR       .....                  (boots unavailable)
Stlth    ++........             (no amulet)
HPRegen  0.03/turn              (no ring)
MPRegen  0.09/turn              (no ring)

@: no status effects
A: beak, talons 3
a: no special abilities


You were on level 1 of the Dungeon.
You visited 1 branch of the dungeon, and saw 1 of its levels.

You collected 7 gold pieces.

Inventory:

Armour
 a - a +0 robe (worn)
Scrolls
 b - a scroll of enchant armour {unknown}
 c - a scroll of identify {unknown}
 d - a scroll of teleportation {unknown}


   Skills:
 + Level 0.1 Fighting
 - Level 2.1 Dodging
 - Level 2.0 Stealth
 * Level 2.1 Spellcasting
 + Level 1.6 Conjurations
 * Level 4.1 Air Magic


You had 3 spell levels left.
You knew the following spells:

 Your Spells              Type           Power        Failure   Level
a - Shock                 Conj/Air       ##..         7%          1

Your spell library contained the following spells:

 Spells                   Type           Power        Failure   Level
 Swiftness                Air            ##......     6%          2
 Static Discharge         Conj/Air       ##......     21%         3
 Airstrike                Air            ##........   36%         4
 Lightning Bolt           Conj/Air       ##........   88%         5


Dungeon Overview and Level Annotations

Branches:
Dungeon (1/15)

Altars:


Innate Abilities, Weirdness & Mutations

You have a beak for a mouth.
You have claws for feet.


Message History

The rat bites you.
You hit the rat but do no damage. Your peck misses the rat.
The rat closely misses you.
Aim: a rat (moderately wounded)
The zap misses the rat.
The zap hits the bat.
The rat barely misses you.
Unknown command.
You hit the rat.
You kill the rat!
The bat barely misses you. The bat completely misses you.
You see here a rat corpse.
You barely miss the bat. Your kick misses the bat. The bat closely misses you.
The bat hits you but does no damage.
You closely miss the bat. Your peck misses the bat.
The bat hits you but does no damage.
An ooze comes into view.
The bat hits you but does no damage. The bat barely misses you.
You miss the bat. The bat misses you.
There are monsters nearby!
You don't have enough magic to cast that spell.
The bat hits you but does no damage. The bat hits you.
You see here a +0 dagger.
The bat misses you.
Found 13 gold pieces.
You see here a rat corpse.
The bat closely misses you. The bat barely misses you.
Found a scroll labeled OJIZOFRELU.
The bat hits you but does no damage.
The ooze quivers.
You closely miss the bat. The bat barely misses you.
The bat closely misses you. The ooze hits you.
* * * LOW HITPOINT WARNING * * *
The ooze hits you.
* * * LOW HITPOINT WARNING * * *
The bat hits you but does no damage. The bat barely misses you.
You see here a rat corpse.
You see here a +0 dagger.
The bat hits you but does no damage.
A rat comes into view.
The bat hits you but does no damage. The bat hits you but does no damage.
You see here a rat corpse.
Aim: a bat (heavily wounded)
The zap hits the bat.
You kill the bat!
The zap hits the ooze.
The ooze hits you.
You die...

#..............
#.............. #..
####.>............
#..
#...†.............
#..
#.##..............
#..
#.##...#..#..#..#.
#..#####
#.##.>............
#####......
#.##.#############
#........#######@##..
#....†)..†.J.####
#?.........#######
#.#..###...# #.$.
#..## #.. #..# ..
...# . ....# .r..##


You could see an ooze.

Vanquished Creatures
  A bat (D:1)
  A kobold (D:1)
  A frilled lizard (D:1)
  2 rats (D:1)
5 creatures vanquished.

Notes
Turn   | Place    | Note
-------+----------+-------------------------------------------
     0 | D:1      | vurker the Tengu Air Elementalist began the quest for the
                  | Orb.
     0 | D:1      | Reached XP level 1. HP: 10/10 MP: 4/4
    73 | D:1      | Slain by an ooze

Illustrated notes

Levels and vault maps discovered:
D:1:      lemuel_arrival_broad_hall, layout_basic, grunt_decor_resistance,
          minmay_bisected

Action                   || total
-------------------------++-------
Melee: Unarmed           ||    10
       Kick              ||     1
 Cast: Shock             ||     7
Armor: Robe              ||     9
Dodge: Dodged            ||    18

Table legend: (Time is in decaauts)
 A = Elapsed time spent in this place.
 B = Non-inter-level travel time spent in this place.
 C = Inter-level travel time spent in this place.
 D = Time resting spent in this place.
 E = Time spent auto-exploring this place.
 F = Levels seen in this place.
 G = Mean time per level.
                   A        B        C        D        E       F      G
               +--------+--------+--------+--------+--------+-----+--------+
         Total |     73 |     73 |      0 |      0 |     33 |   1 |   73.0 |
       Dungeon |     73 |     73 |      0 |      0 |     33 |   1 |   73.0 |
               +--------+--------+--------+--------+--------+-----+--------+

Top non-repeatable levels by time:
     D:1: 73 daAuts
